 Dungeon Crawl Stone Soup version 0.31.0-9-g3a7656b989 (webtiles) character file.

Game seed: 8487225467951430600

244 qw the Ducker (level 5, -2/26 HPs)
             Began as a Spriggan Hunter on Feb 2, 2024.
             Slain by an orc
             ... wielding a +1 short sword of flaming
              (5 damage)
             ... on level 3 of the Dungeon.
             The game lasted 00:00:09 (2489 turns).

qw the Ducker (Spriggan Hunter)                     Turns: 2489, Time: 00:00:09

Health: -2/26      AC:  2    Str:  7    XL:     5   Next: 83%
Magic:  6/6        EV: 21    Int: 10    God:
Gold:   202        SH:  0    Dex: 21    Spells: 4/4 levels left

rFire   . . .        a - +3 shortbow (flame)
rCold   . . .        (shield currently unavailable)
rNeg    . . .        c - +0 robe
rPois   .            (helmet restricted)
rElec   .            (no cloak)
rCorr   .            (gloves unavailable)
SInv    +            (boots unavailable)
Will    +....        (no amulet)
Stlth   ++           (no ring)
HPRegen 0.24/turn    (no ring)
MPRegen 0.10/turn

%: no passive effects
@: about to teleport, enlightened, flying, very quick
A: very small, no large weapons, unfitting armour, see invisible, speed 3
a: no special abilities


You were on level 3 of the Dungeon.
You visited 1 branch of the dungeon, and saw 4 of its levels.

You collected 202 gold pieces.


Innate Abilities, Weirdness & Mutations

You are very small and have problems with some larger weapons.
You are too small for most types of armour.
You have supernaturally acute eyesight. (SInv)
You cover ground extremely quickly. (Speed+++)


   Skills:
 - Level 2.1 Fighting
 + Level 5.4 Ranged Weapons
 - Level 6.1 Dodging
 - Level 1.5 Stealth


You had 4 spell levels left.
You didn't know any spells.
Your spell library was empty.

Inventory:

Hand Weapons
 a - a +3 shortbow of flaming (weapon)
Armour
 c - a +0 robe (worn)
Jewellery
 p - a ring of fire
Wands
 j - a wand of light (3)
Scrolls
 e - 2 scrolls of enchant armour
 i - a scroll of teleportation
Potions
 b - a potion of heal wounds
 h - a potion of curing
 m - a potion of enlightenment
 r - a potion of mutation {unknown}

Dungeon Overview and Level Annotations

Branches:
Dungeon (4/15)
 Temple: D:4-7

Altars:


Message History

Your hobgoblin shouts, "Die, monster!"
There is a stone staircase leading down here.
You fly downwards.
The orc shouts! x2
The jelly quivers.
The orc shouts! x2; The iguana hisses angrily.
There is a stone staircase leading up here.
There are monsters nearby!
Waypoint 3 assigned to D:4.
2482 ||| STAIRDANCE The jelly barely misses you.
The orc closely misses you. The orc hits you with a +0 short sword.
You fly upwards.
Your hobgoblin dissolves into shadows!
There is a stone staircase leading down here.
You shoot an arrow. The arrow barely misses the jelly.
The orc hits you with a +1 short sword of flaming.
The orc burns you. The jelly completely misses you. The orc misses you.
You shoot an arrow. The arrow hits the jelly!
The arrow burns the jelly.
The jelly is severely wounded.
The orc barely misses you. The jelly hits you.
You are splashed with acid.
The orc misses you.
You shoot an arrow.
The arrow hits the jelly but does no damage.
The jelly is severely wounded.
The orc hits you with a +1 short sword of flaming.
The orc burns you. The jelly completely misses you.
The orc completely misses you.
You shoot an arrow. The arrow hits the jelly.
The arrow burns the jelly.
You kill the jelly!
The orc barely misses you. The orc completely misses you.
You shoot an arrow. The arrow hits the orc.
The arrow burns the orc.
The orc is moderately wounded.
The orc hits you with a +1 short sword of flaming.
The orc burns you. The orc closely misses you.
2489 ||| READING 2 scrolls of teleportation.
As you read the scroll of teleportation, it crumbles to dust.
You feel strangely unstable.
The orc hits you with a +1 short sword of flaming.
You die...

##.#.#### #o#.#.#.#####.##.##
#.......###>#.#.#.# #<##.#
#.......#....#..#.# #.##.#
#......%#...###...#####.##.##
#............#..............#
##
#..>....#..........#....##..#
.#
#.......#..........####.##(.#
.#
#.......###........####.##..#
.# #.#######
#.@o..........##..# .# #.#
##o......#######..# .# #.#
###........# #.## .##
#.#######.#........#### #.#
..# #.#...##....###.......#
#.#
..###..###......#########.#
#.# .................# #.#
#.## .#####.#.#......## #.#
#... .# ##...##....# #.# #.##


You could see 2 orcs.

Vanquished Creatures
  An ice beast (D:3)
  A jelly (D:3)
  An orc priest (D:3)
  3 adders (D:2)
  A ribbon worm (D:2)
  4 orcs (D:3)
  3 ball pythons
  9 bats
  9 endoplasms
  5 giant cockroaches
  6 goblins
  5 hobgoblins
  A quokka (D:1)
  2 frilled lizards (D:3)
  4 rats
55 creatures vanquished.

Notes
Turn   | Place    | Note
-------+----------+-------------------------------------------
     0 | D:1      | qw the Spriggan Hunter began the quest for the Orb.
     0 | D:1      | Reached XP level 1. HP: 10/10 MP: 2/2
     0 | D:1      | 0 ||| qw: Version: 0.3-a-155-g5e7d8dd
     0 | D:1      | 0 ||| qw: Game counter: 2360
     0 | D:1      | 0 ||| qw: Melee chars always use a shield: true
     0 | D:1      | 0 ||| qw: God list: Okawaru
     0 | D:1      | 0 ||| qw: Allow faded altars: false
     0 | D:1      | 0 ||| qw: Do Orc after clearing Dungeon:15 true
     0 | D:1      | 0 ||| qw: Do second Lair branch before Depths: true
     0 | D:1      | 0 ||| qw: Lair rune preference: random
     0 | D:1      | 0 ||| qw: Goals: Normal
     0 | D:1      | 0 ||| PLANNING D:1-11
   100 | D:1      | Reached skill level 3 in Dodging
   166 | D:1      | Reached XP level 2. HP: 14/14 MP: 3/3
   170 | D:1      | Reached skill level 4 in Dodging
   239 | D:1      | Found a faded altar of an unknown god.
   520 | D:1      | 520 ||| READING scroll labelled BUFRIN JUWA.
   523 | D:1      | 523 ||| READING scroll labelled YCERHY WUSM.
   523 | D:1      | 523 ||| ENCHANTING +0 shortbow.
   524 | D:1      | 524 ||| READING scroll labelled OPIORE BOTU.
   524 | D:1      | 524 ||| IDENTIFYING sedimented cyan potion
   525 | D:1      | 525 ||| DROPPING scroll of butterflies.
   526 | D:1      | 526 ||| DROPPING potion of brilliance.
   763 | D:2      | Reached XP level 3. HP: 18/18 MP: 4/4
   824 | D:2      | 824 ||| FLEEEEING.
  1376 | D:2      | Reached XP level 4. HP: 22/22 MP: 5/5
  1522 | D:2      | 1522 ||| READING scroll labelled FUOMET PAXEU.
  1523 | D:2      | 1523 ||| READING scroll labelled ULATWIUFFO.
  1523 | D:2      | 1523 ||| BRANDING +0 shortbow.
  1524 | D:2      | 1524 ||| READING scroll labelled GEIQ ESEACRI.
  1625 | D:2      | 1625 ||| DRINKING 2 coppery potions.
  1626 | D:2      | 1626 ||| DRINKING 2 lumpy red potions.
  1833 | D:3      | Noticed an ice beast
  1834 | D:3      | 1834 ||| ZAPPING wand of light (7) at -1,-2 (ice beast;
                  | floor).
  1835 | D:3      | 1835 ||| ZAPPING wand of light (6) at -1,-1 (ice beast;
                  | floor).
  1836 | D:3      | 1836 ||| ZAPPING wand of light (5) at -1,-2 (ice beast;
                  | floor).
  1837 | D:3      | 1837 ||| ZAPPING wand of light (4) at -1,-1 (ice beast;
                  | floor).
  1837 | D:3      | Killed an ice beast
  1838 | D:3      | Reached skill level 6 in Dodging
  1838 | D:3      | Reached XP level 5. HP: 25/25 MP: 6/6
  1859 | D:3      | 1859 ||| FLEEEEING.
  1860 | D:3      | 1860 ||| FLEEEEING.
  1861 | D:3      | 1861 ||| FLEEEEING.
  1862 | D:3      | 1862 ||| FLEEEEING.
  1863 | D:3      | 1863 ||| FLEEEEING.
  1864 | D:3      | 1864 ||| FLEEEEING.
  1865 | D:3      | 1865 ||| FLEEEEING.
  1871 | D:3      | 1871 ||| FLEEEEING.
  1872 | D:3      | 1872 ||| FLEEEEING.
  1873 | D:3      | 1873 ||| FLEEEEING.
  1874 | D:3      | 1874 ||| FLEEEEING.
  1875 | D:3      | 1875 ||| FLEEEEING.
  1876 | D:3      | 1876 ||| FLEEEEING.
  1878 | D:3      | 1878 ||| FLEEEEING.
  1879 | D:3      | 1879 ||| FLEEEEING.
  1880 | D:3      | 1880 ||| FLEEEEING.
  1881 | D:3      | 1881 ||| FLEEEEING.
  1882 | D:3      | 1882 ||| FLEEEEING.
  1883 | D:3      | 1883 ||| FLEEEEING.
  1884 | D:3      | 1884 ||| FLEEEEING.
  1889 | D:3      | 1889 ||| FLEEEEING.
  1890 | D:3      | 1890 ||| FLEEEEING.
  1891 | D:3      | 1891 ||| FLEEEEING.
  1892 | D:3      | 1892 ||| FLEEEEING.
  1893 | D:3      | 1893 ||| FLEEEEING.
  1894 | D:3      | 1894 ||| FLEEEEING.
  1895 | D:3      | 1895 ||| FLEEEEING.
  2406 | D:3      | 2406 ||| READING 2 scrolls of identify.
  2406 | D:3      | 2406 ||| IDENTIFYING ruby potion
  2407 | D:3      | 2407 ||| READING scroll of identify.
  2407 | D:3      | 2407 ||| IDENTIFYING glowing pink potion
  2408 | D:3      | 2408 ||| READING 3 scrolls labelled XOKAMU UROA.
  2408 | D:3      | 2408 ||| ENCHANTING +0 shortbow of flaming.
  2409 | D:3      | 2409 ||| READING 2 scrolls of enchant weapon.
  2409 | D:3      | 2409 ||| ENCHANTING +1 shortbow of flaming.
  2410 | D:3      | 2410 ||| READING scroll of enchant weapon.
  2410 | D:3      | 2410 ||| ENCHANTING +2 shortbow of flaming.
  2411 | D:3      | 2411 ||| READING scroll labelled QICIAC CIRGH.
  2412 | D:3      | 2412 ||| READING scroll labelled MAICOUNIBOU.
  2460 | D:3      | 2460 ||| READING scroll labelled ICOVYRCHURILE.
  2461 | D:3      | 2461 ||| READING scroll labelled UGOVIH AD KEFI.
  2462 | D:3      | 2462 ||| DRINKING 2 murky dark potions.
  2463 | D:3      | 2463 ||| DROPPING potion of ambrosia.
  2464 | D:3      | 2464 ||| DROPPING potion of magic.
  2482 | D:4      | 2482 ||| STAIRDANCE
  2488 | D:3      | HP: 4/26 [orc/+1 short sword of flaming (6)]
  2489 | D:3      | 2489 ||| READING 2 scrolls of teleportation.
  2489 | D:3      | Slain by an orc

Levels and vault maps discovered:
D:1:      scummos_arrival_checkerplants, layout_basic,
          shapermc_ecumenical_altar_ellora, minmay_three_crescents
D:2:      layout_basic, serial_bayou_pond_d
D:3:      layout_loops_ring
D:4:      layout_gridville, minmay_misc_feat_five

Skill      XL: |  1  2  3  4  5 |
---------------+----------------+-----
Dodging        | 3 4 6 |  6.1
Ranged Weapons | 5 |  5.4
Fighting       | 2 |  2.1
Stealth        | |  1.5

Action                     |  1- 3 |  4- 6 || total
---------------------------+-------+-------++-------
   Fire: Shortbow          |    98 |    37 ||   135
  Evoke: Wand              |       |     4 ||     4
    Use: Scroll            |     3 |    13 ||    16
         Potion            |       |     3 ||     3
 Armour: Robe              |    10 |     9 ||    19
  Dodge: Dodged            |    24 |    13 ||    37

Table legend:
 A = Non-vault XP
 B = Vault XP
 C = Vault XP percentage of total XP
 D = Non-vault monster count
 E = Vault monster count
 F = Vault count percentage of total count
                 A         B        C        D         E       F
            +---------+---------+-------+---------+---------+-------
      Total |     338 |      11 |   3.2 |      49 |       6 |  10.9
            +---------+---------+-------+---------+---------+-------
        D:1 |      24 |      11 |  31.4 |      14 |       6 |  30.0
        D:2 |      70 |       0 |   0.0 |      18 |       0 |   0.0
        D:3 |     244 |       0 |   0.0 |      17 |       0 |   0.0
            +---------+---------+-------+---------+---------+-------
